 Dungeon Crawl Stone Soup version 0.30-a0-371-gad7725a93e (webtiles) character file.

Game seed: 18183074228320886491

1971 leviel the Cleaver (level 9, -2/81 HPs)
             Began as a Hill Orc Fighter on Nov 21, 2022.
             Was an Elder of Zin.
             Slain by Pikel
             ... wielding a +1 whip of electrocution
              (15 damage)
             ... on level 7 of the Dungeon.
             The game lasted 00:07:49 (5458 turns).

leviel the Cleaver (Hill Orc Fighter)               Turns: 5458, Time: 00:07:50

Health: -2/81      AC: 14    Str: 23    XL:     9   Next: 20%
Magic:  9/9        EV:  6    Int:  8    God:    Zin [****..]
Gold:   351        SH:  6    Dex: 16    Spells: 8/8 levels left

rFire   . . .      SeeInvis +    a - +1 war axe (venom)
rCold   . . .      Faith    .    c - +0 buckler
rNeg    . . .      Spirit   .    f - +0 plate armour
rPois   .          Reflect  .    k - +0 helmet
rElec   .          Harm     .    (no cloak)
rCorr   .          Rampage  .    (no gloves)
Will    .....                    (no boots)
Stlth   ..........               (no amulet)
HPRegen 0.33/turn                e - +6 ring of dexterity
MPRegen 0.11/turn                n - ring of see invisible

@: mighty, attractive, hasted, studying Unarmed Combat, very quick
A: no striking features
a: Renounce Religion, Recite, Vitalisation, Imprison, Donate Gold


You were on level 7 of the Dungeon.
You worshipped Zin.
Zin was greatly pleased with you.
You visited 1 branch of the dungeon, and saw 8 of its levels.
You also visited: Sewer and Ossuary.

You collected 389 gold pieces.
You donated 38 gold pieces to Zin.

Inventory:

Hand Weapons
 a - a +1 war axe of venom (weapon)
Armour
 c - a +0 buckler (worn)
 f - a +0 plate armour (worn)
 k - a +0 helmet (worn)
Jewellery
 e - a +6 ring of dexterity (left hand)
 n - a ring of see invisible (right hand)
 q - a ring of flight
Scrolls
 h - a scroll of poison
 s - a scroll of amnesia
Potions
 b - a potion of mutation {unknown}
 d - 4 potions of might
 i - 3 potions of curing
 j - a potion of ambrosia {unknown}
 l - a potion of heal wounds {unknown}
 m - 2 potions of attraction
 o - a potion of brilliance {unknown}
 p - a potion of cancellation {unknown}
 r - a potion of flight {unknown}
 t - a potion of magic {unknown}
 u - a potion of resistance {unknown}


   Skills:
 + Level 7.8 Fighting
 + Level 8.1 Axes
 + Level 7.2 Armour
 + Level 7.2 Shields


You had 8 spell levels left.
You didn't know any spells.
Your spell library was empty.

Dungeon Overview and Level Annotations

Branches:
Dungeon (8/15)             Temple (0/1) D:5           Sewer (visited)
Ossuary (visited)
   Lair: D:8-11

Altars:
Ashenzari
Cheibriados
Dithmenos
Fedhas
Kikubaaqudgha
Nemelex Xobeh
Okawaru
Uskayaw
Xom
Zin

Shops:
D:4 =

Annotations:
D:7 Joseph, Pikel


Message History

You barely miss Joseph. Joseph barely misses you.
You hit Joseph.
Joseph is poisoned.
Joseph is lightly wounded.
You hit Pikel but do no damage.
Pikel is poisoned.
You block Joseph's attack. You block Pikel's attack.
Joseph hits you with a +0 quarterstaff!
You barely miss Joseph.
Joseph is lightly wounded.
You slash Pikel! Joseph hits you with a +0 quarterstaff.
Pikel hits you with a +1 whip of electrocution.
Joseph hits you with a +0 quarterstaff!
* * * LOW HITPOINT WARNING * * *
You miss Pikel.
Pikel is lightly wounded.
You slash Joseph!
A lemure comes into view.
Pikel hits you but does no damage. You block Joseph's attack.
The lemure shouts!
Joseph hits you with a +0 quarterstaff.
* * * LOW HITPOINT WARNING * * *
Joseph hits you with a +0 quarterstaff.
* * * LOW HITPOINT WARNING * * *
You hear a shout!
Joseph rages.
It was a potion of attraction.
You feel attractive to monsters. You block Pikel's attack.
The lemure is attracted toward you. x2
You feel yourself speed up. Pikel closely misses you.
The lemure hits you but does no damage.
You completely miss Pikel.
Pikel is moderately wounded.
You completely miss the lemure.
Pikel hits you with a +1 whip of electrocution.
* * * LOW HITPOINT WARNING * * *
The lemure hits you but does no damage.
Joseph rages.
You barely miss the lemure. You slash Pikel!
Pikel looks as sick as possible!
Pikel hits you with a +1 whip of electrocution.
* * * LOW HITPOINT WARNING * * *
You are electrocuted!
You die...

.5.##. #....5.....#
.###..# #. #..........##
....?#####...##...<....#
.....#....... #.......##
........##### #....####
........# #.....#
.......<# ##.....#
.......5###.#......#
.......@K@5.§....#..
....§..5####....##..
........# ..# ......(.#
. #........ ........#
......... .......


You could see Joseph (berserk, poisoned), Pikel (extremely poisoned) and 3
lemures.

Vanquished Creatures
  A steam dragon (D:7)
  A water moccasin (Sewer)
  2 black bears
  A sky beast (D:6)
  An ogre (D:5)
  A centaur (D:7)
  4 elf zombies (Ossuary)
  2 bullfrogs
  A scorpion (D:5)
  5 killer bees (D:8)
  A human zombie (Ossuary)
  2 jellies (D:6)
  2 centaur zombies (Ossuary)
  A gnoll bouda (D:8)
  A hound (D:5)
  Natasha (D:4)
  5 iguanas
  2 mummies (Ossuary)
  Robin (D:3)
  3 gnolls (D:8)
  9 adders
  An adder zombie (Ossuary)
  4 worms
  4 dart slugs
  10 orcs
  2 bats
  5 endoplasms
  A giant cockroach (D:3)
  14 goblins
  12 hobgoblins
  6 jackals
  3 quokkas
  8 ball pythons
  5 frilled lizards
  A goblin zombie (D:8)
  8 hobgoblin zombies (Ossuary)
  A jackal zombie (Ossuary)
  6 kobolds
  12 kobold zombies (Ossuary)
  7 orc zombies (Ossuary)
  9 rats
  2 rat zombies
168 creatures vanquished.

Notes
Turn   | Place    | Note
-------+----------+-------------------------------------------
     0 | D:1      | leviel the Hill Orc Fighter began the quest for the Orb.
     0 | D:1      | Reached XP level 1. HP: 19/19 MP: 1/1
   130 | D:1      | Reached XP level 2. HP: 22/27 MP: 2/2
   131 | D:1      | Reached skill level 3 in Axes
   328 | D:1      | Found a faded altar of an unknown god.
   727 | D:1      | Reached XP level 3. HP: 28/33 MP: 3/3
  1389 | D:3      | Reached XP level 4. HP: 40/40 MP: 4/4
  1523 | D:3      | Found a glowing silver altar of Zin.
  1527 | D:3      | Noticed Robin
  1538 | D:3      | Killed Robin
  1624 | D:3      | Reached skill level 4 in Axes
  1693 | D:3      | Reached XP level 5. HP: 7/47 MP: 5/5
  1987 | D:3      | Became a worshipper of Zin the Law-Giver
  1987 | D:3      | Reached * piety under Zin
  2109 | D:4      | Reached XP level 6. HP: 55/55 MP: 6/6
  2111 | D:4      | Found Raratwila's Jewellery Boutique.
  2143 | D:4      | Reached ** piety under Zin
  2248 | D:4      | Noticed a black bear
  2255 | D:4      | Killed a black bear
  2256 | D:4      | Reached skill level 5 in Fighting
  2274 | D:4      | Found a snail-covered altar of Cheibriados.
  2662 | D:4      | Noticed Natasha
  2682 | D:4      | Killed Natasha
  2683 | D:4      | Reached skill level 5 in Axes
  3040 | D:5      | Entered Level 5 of the Dungeon
  3050 | D:5      | Noticed a black bear
  3056 | D:5      | Killed a black bear
  3057 | D:5      | Reached skill level 5 in Armour
  3057 | D:5      | Reached skill level 5 in Shields
  3057 | D:5      | Reached XP level 7. HP: 58/61 MP: 7/7
  3065 | D:5      | Found a staircase to the Ecumenical Temple.
  3213 | D:5      | Found an ancient bone altar of Kikubaaqudgha.
  3216 | D:5      | Found a blossoming altar of Fedhas.
  3361 | D:5      | Found a hide-covered altar of Uskayaw.
  3363 | D:5      | Noticed a +0 hand axe
  3364 | D:5      | Noticed a +0 dagger
  3622 | D:6      | Found a glowing drain.
  3625 | D:6      | Reached skill level 6 in Axes
  3657 | Sewer    | Entered a sewer
  3822 | D:6      | Found a shadowy altar of Dithmenos.
  3867 | D:6      | Found a shimmering altar of Xom.
  3868 | D:6      | Reached *** piety under Zin
  3874 | D:6      | Found a sparkling altar of Nemelex Xobeh.
  3875 | D:6      | Found a broken altar of Ashenzari.
  3898 | D:6      | Reached XP level 8. HP: 71/71 MP: 8/8
  4169 | D:6      | Found an iron altar of Okawaru.
  4238 | D:6      | You fall into a shaft and drop 2 floors!
  4339 | D:8      | Reached skill level 7 in Axes
  4429 | D:8      | Found a sand-covered staircase.
  4436 | Ossuary  | Entered an ossuary
  4560 | Ossuary  | Reached **** piety under Zin
  4579 | Ossuary  | Reached XP level 9. HP: 34/79 MP: 9/9
  4899 | D:7      | Reached skill level 8 in Axes
  5446 | D:7      | Noticed Pikel
  5446 | D:7      | Noticed Joseph
  5458 | D:7      | Slain by Pikel

Illustrated notes

Levels and vault maps discovered:
D:1:      moated_graveyard_arrival, layout_basic, basic_ecumenical_altar,
          roderic_roman_lattice
D:2:      layout_rooms
D:3:      layout_basic, mainiacjoe_overflow_24_doors, minmay_checkerbox,
          uniq_robin
D:4:      layout_cave_pods, kennysheep_slug_shrine, serial_shops,
          nicolae_square_shop, minmay_door_square, dreamdust_princess_bridge,
          minmay_manual_mail, uniq_natasha
D:5:      layout_basic, grunt_temple_overflow_growth_and_decay,
          dancing_weapons_uskayaw, minmay_temple_entry_steel_oval
D:6:      layout_basic, mainiacjoe_overflow_concentric_impassable,
          nicolae_overflow_crystal_walls, mainiacjoe_overflow_divided_tiny,
          lemuel_tele_altar, portal_sewer_entry_a, hellmonk_bongcloud_opening
D:7:      layout_cave_pools, lemuel_doored_altar, uniq_pikel, uniq_joseph
D:8:      layout_gridville, mainiacjoe_overflow_alcove_1, enter_ossuary_4,
          uniq_maggie

Skill      XL: |  1  2  3  4  5  6  7  8  9 |
---------------+----------------------------+-----
Axes           | 3 4 5 6 7 8 |  8.1
Fighting       | 4 5 6 7 |  7.8
Armour         | 4 5 7 |  7.2
Shields        | 4 5 7 |  7.2

Action                   |  1- 3 |  4- 6 |  7- 9 || total
-------------------------+-------+-------+-------++-------
Melee: War axe           |    96 |   154 |   184 ||   434
  Use: Scroll            |     2 |     4 |     5 ||    11
       Potion            |       |     3 |     4 ||     7
Armor: Scale mail        |    45 |       |       ||    45
       Plate armour      |     5 |   106 |   136 ||   247
       Skin              |       |     6 |       ||     6
Dodge: Dodged            |    49 |    38 |    63 ||   150
Block: Buckler           |    22 |    28 |    78 ||   128

Table legend: (Time is in decaauts)
 A = Elapsed time spent in this place.
 B = Non-inter-level travel time spent in this place.
 C = Inter-level travel time spent in this place.
 D = Time resting spent in this place.
 E = Time spent auto-exploring this place.
 F = Levels seen in this place.
 G = Mean time per level.
                   A        B        C        D        E       F      G
               +--------+--------+--------+--------+--------+-----+--------+
         Total |   5561 |   5375 |    186 |    611 |   3647 |  10 |  556.1 |
       Dungeon |   4987 |   4801 |    186 |    538 |   3318 |   8 |  623.4 |
         Sewer |    167 |    167 |      0 |      0 |    121 |   1 |  167.0 |
       Ossuary |    406 |    406 |      0 |     73 |    207 |   1 |  406.0 |
               +--------+--------+--------+--------+--------+-----+--------+

Top non-repeatable levels by time:
     D:4: 1048 daAuts
     D:6: 947 daAuts
     D:1: 821 daAuts
     D:3: 759 daAuts
     D:5: 641 daAuts
     D:2: 488 daAuts
 Ossuary: 406 daAuts
     D:8: 246 daAuts
   Sewer: 167 daAuts
     D:7: 33 daAuts
